 Dungeon Crawl Stone Soup version 0.27-a0-1347-gd8886f0a89 (webtiles) character file.

Game seed: 13288284649486618248

3 tkbsonic5 the Skirmisher (level 1, 0/20 HPs)
             Began as a Minotaur Fighter on June 28, 2021.
             Slain by a goblin (14 damage)
             ... on level 1 of the Dungeon.
             The game lasted 00:00:28 (36 turns).

tkbsonic5 the Skirmisher (Minotaur Fighter)           Turns: 36, Time: 00:00:29

Health: 0/20       AC:  6    Str: 20    XL:     1   Next: 41%
Magic:  0/0        EV:  7    Int:  5    God:
Gold:   8          SH:  9    Dex:  9    Spells: 0/0 levels left

rFire    . . .     SeeInvis .   a - +0 war axe
rCold    . . .     Faith    .   c - +0 kite shield
rNeg     . . .     Spirit   .   b - +0 scale mail
rPois    .         Reflect  .   (helmet restricted)
rElec    .         Harm     .   (no cloak)
rCorr    .         Rampage  .   (no gloves)
Will     .....                  (no boots)
Stlth    ..........             (no amulet)
HPRegen  0.06/turn              e - ring of flight
MPRegen  0.07/turn              (no ring)

@: flying
A: horns 2, retaliatory headbutt
a: no special abilities


You were on level 1 of the Dungeon.
You visited 1 branch of the dungeon, and saw 1 of its levels.

You collected 8 gold pieces.

Inventory:

Hand Weapons
 a - a +0 war axe (weapon)
Armour
 b - a +0 scale mail (worn)
 c - a +0 kite shield (worn)
Jewellery
 e - a ring of flight (left hand)
Potions
 d - a potion of might


   Skills:
 * Level 3.7 Fighting
 * Level 2.5 Axes
 + Level 3.6 Armour
 + Level 3.6 Shields


You couldn't memorise any spells.
You didn't know any spells.
Your spell library was empty.

Dungeon Overview and Level Annotations

Branches:
Dungeon (1/15)

Altars:


Innate Abilities, Weirdness & Mutations

You have a pair of horns on your head.
You reflexively headbutt those who attack you in melee.


Message History

Your shield and scale mail prevent you from hitting the kobold.
The goblin shouts!
The kobold closely misses you.
You closely miss the kobold.
The kobold hits you with a +0 short sword.
The kobold hits you but does no damage.
You closely miss the kobold. You block the kobold's attack.
The kobold hits you but does no damage.
You miss the kobold. You closely miss the goblin.
The goblin hits you but does no damage. You block the kobold's attack.
A rat comes into view.
The goblin barely misses you. You furiously retaliate!
You headbutt the goblin!
You kill the goblin!
The kobold hits you with a +0 short sword.
You see here a +0 dagger.
You closely miss the kobold. Your headbutt misses the kobold.
The kobold closely misses you.
The kobold hits you with a +0 short sword.
Your shield and scale mail prevent you from hitting the kobold.
Your headbutt misses the kobold. You hit the rat.
You kill the rat!
The kobold hits you with a +0 short sword.
You block the kobold's attack.
You closely miss the kobold. You block the kobold's attack.
You barely miss the kobold. The kobold hits you but does no damage.
You block the kobold's attack.
You slash the kobold!
You kill the kobold!
Items here: ( )) †.
A goblin comes into view. It is wielding a +0 club.
The goblin shouts!
You hear a shout!
A goblin comes into view.
It is wielding a +2 dagger of distortion.
The goblin shouts!
The goblin hits you but does no damage.
You closely miss the goblin. You hit the goblin.
The goblin hits you but does no damage.
The goblin hits you with a +2 dagger of distortion.
Space warps horribly around you!
Ouch! That really hurt!
You die...

#....8.# #...[.<#
## #....8.# ..
#.#####.....##
#..#...........#
#....)###.....#
#....#..###.####
#.#####..##.######
........g@........
.#######g###.....
#... .?... ####.
## . .


You could see 2 goblins.

Vanquished Creatures
  A goblin (D:1)
  A kobold (D:1)
  A rat (D:1)
3 creatures vanquished.

Notes
Turn   | Place    | Note
-------+----------+-------------------------------------------
     0 | D:1      | tkbsonic5 the Minotaur Fighter began the quest for the Orb.
     0 | D:1      | Reached XP level 1. HP: 19/19 MP: 0/0
    36 | D:1      | Slain by a goblin

Illustrated notes

Levels and vault maps discovered:
D:1:      mrwooster_arrival_statue, layout_rooms,
          chequers_ecumenical_altar_lobes, serial_shops, shop, moated_statue

Action                   || total
-------------------------++-------
Melee: War axe           ||    11
Armor: Scale mail        ||     8
Dodge: Dodged            ||     4
Block: Kite shield       ||     6

Table legend: (Time is in decaauts)
 A = Elapsed time spent in this place.
 B = Non-inter-level travel time spent in this place.
 C = Inter-level travel time spent in this place.
 D = Time resting spent in this place.
 E = Time spent auto-exploring this place.
 F = Levels seen in this place.
 G = Mean time per level.
                   A        B        C        D        E       F      G
               +--------+--------+--------+--------+--------+-----+--------+
         Total |     41 |     41 |      0 |      0 |     12 |   1 |   41.0 |
       Dungeon |     41 |     41 |      0 |      0 |     12 |   1 |   41.0 |
               +--------+--------+--------+--------+--------+-----+--------+

Top non-repeatable levels by time:
     D:1: 41 daAuts
